 Dungeon Crawl Stone Soup version 0.23-a0-446-g036aa52 (webtiles) character file.

11855 Amnesiac the Covert (level 11, -1/48 (52) HPs)
             Began as a Spriggan Enchanter on Nov 19, 2018.
             Was the Champion of Ru.
             Slain by Urug
             ... wielding a +2 eveningstar of flaming
              (5 damage)
             ... on level 11 of the Dungeon.
             The game lasted 00:31:51 (13274 turns).

Amnesiac the Covert (Spriggan Enchanter)           Turns: 13274, Time: 00:31:51

HP:   -1/48 (52)    AC:  7    Str:  3    XL:     11   Next: 54%
MP:   2/23          EV: 23    Int: 18    God:    Ru [******]
Gold: 440           SH:  8    Dex: 17    Spells: 8/25 levels left

rFire    + . .     SeeInvis +   a - +0 dagger (drain)
rCold    + . .     Gourm    .   y - +1 buckler
rNeg     + . .     Faith    .   k - +2 robe {MR+}
rPois    +         Spirit   .   (helmet restricted)
rElec    .         Reflect  .   G - +2 ratskin cloak {+Rats rPois rN+ Str-1 Int-1 Dex+1}
rCorr    .         Harm     .   (gloves unavailable)
MR       ++...                  (boots unavailable)
Stlth    +++++.....             g - amulet of the acrobat
HPRegen  0.16/turn              L - ring of protection from magic
MPRegen  0.18/turn              q - ring of fire

@: very quick
A: very small, unfitting armour, see invisible, blink, cold resistance 2, dopey
1, herbivore, speed 3, slow metabolism 2, hated by all, inability to train
armour, magic vulnerability 1, unskilled 1
a: Blink, Draw Out Power, Power Leap, Apocalypse, Renounce Religion


You were on level 11 of the Dungeon.
You worshipped Ru.
Ru was exalted by your worship.
You were full.

You visited 1 branch of the dungeon, and saw 11 of its levels.
You also visited: Sewer.

You collected 507 gold pieces.
You spent 67 gold pieces at shops.

Inventory:

Hand Weapons
 a - a +0 dagger of draining (weapon)
 b - a +2 short sword of venom
 J - a cursed +2 dagger
Armour
 k - a +2 robe of magic resistance (worn)
 y - a +1 buckler (worn)
 G - the +2 ratskin cloak (worn) {+Rats rPois rN+ Str-1 Int-1 Dex+1}
   (You found it on level 6 of the Dungeon)

   It affects your strength (-1).
   It affects your intelligence (-1).
   It affects your dexterity (+1).
   It protects you from poison.
   It protects you from negative energy.
Jewellery
 g - an amulet of the acrobat (around neck)
 j - an uncursed amulet of regeneration
 o - an uncursed ring of ice {unknown}
 q - a ring of fire (right hand)
 I - an uncursed ring of resist corrosion
 L - a ring of protection from magic (left hand)
 N - an uncursed ring of flight
Wands
 A - a wand of acid (15)
 C - a wand of digging (3)
 K - a wand of polymorph (7)
Scrolls
 d - a scroll of enchant weapon {!r}
 e - 2 scrolls of fear {!r}
 h - 2 scrolls of identify {!r}
 i - 4 scrolls of magic mapping {!r}
 t - 7 scrolls of fog {!r}
 u - 3 scrolls of teleportation {!r}
 z - 2 scrolls of remove curse {!r}
Potions
 c - 2 potions of mutation {!q}
 f - 2 potions of invisibility {!q, unknown}
 l - a potion of lignification {!q}
 m - 2 potions of ambrosia {!q, unknown}
 n - 3 potions of agility {!q}
 p - 3 potions of haste {!q}
 r - 2 potions of brilliance {!q}
 s - 10 potions of curing {!q}
 w - 2 potions of might {!q}
 B - 2 potions of magic {!q}
 D - 6 potions of heal wounds {!q, unknown}
Comestibles
 H - 9 rations


   Skills:
 - Level 3.0 Fighting
 - Level 8.0 Short Blades
 - Level 8.0 Dodging
 + Level 10.4 Stealth
 + Level 4.2 Shields
 - Level 7.5 Spellcasting
 - Level 7.5 Hexes
 + Level 2.6 Transmutations
 * Level 2.7 Earth Magic
 - Level 8.1 Evocations


You had 8 spell levels left.
You knew the following spells:

 Your Spells              Type           Power        Failure   Level  Hunger
a - Ensorcelled Hibernat  Hex/Ice        ###...       4%          2    None
b - Passwall              Tmut/Erth      ###.....     6%          2    None
c - Cause Fear            Hex            ####......   6%          4    ###....
d - Dazzling Spray        Conj/Hex       ###...       9%          3    #......
e - Confuse               Hex            ####....     1%          3    #......
w - Tukima's Dance        Hex            ####....     1%          3    #......

Your spell library contained the following spells:

 Spells                   Type           Power        Failure   Level  Hunger
 Corona                   Hex            ####...      1%          1    None
 Sandblast                Erth           ###...       4%          1    None
 Stone Arrow              Conj/Erth      ##....       22%         3    #......
 Petrify                  Tmut/Erth      ###.....     38%         4    ###....
 Yara's Violent Unravell  Hex/Tmut       ###.......   41%         5    #####..
 Silence                  Hex/Air        ###.......   58%         5    #####..
 Lee's Rapid Deconstruct  Erth           ###.......   75%         5    #####..
 Deflect Missiles         Chrm/Air       #.........   100%        6    ######.
 Discord                  Hex            ####......   100%        8    #######


Dungeon Overview and Level Annotations

Branches:
Dungeon (11/15)            Temple (0/1) D:5            Lair (0/6) D:8
    Orc: D:9-12

Altars:
Dithmenos
Makhleb
Nemelex Xobeh
Ru
Uskayaw
Xom
Yredelemnul
Zin

Shops:
D:8 [

Annotations:
D:11 Urug


Innate Abilities, Weirdness & Mutations

You are very small and have problems with some larger weapons.
You are too small for most types of armour.
You have supernaturally acute eyesight. (SInv)
You are dopey. (Int -2)
You are a herbivore.
You cover ground extremely quickly.
You need to consume almost no food.
You are hated by all.
You cannot train Armour skill.
You are slightly vulnerable to magic. (MR-)
You are somewhat unskilled. (-1 Apt)
You can translocate small distances at will.
Your flesh is very cold resistant. (rC++)


Message History

Casting: Dazzling Spray (safe; 9% risk of failure)
Confirm with . or Enter, or press ? or * to list all spells.
Aiming: Confuse (safe; 1% risk of failure)
Press: ? - help, Shift-Dir - straight line, f/p - Urug
Aim: Urug, wielding a +2 eveningstar of flaming and wearing a +0 chain mail of Urug appears confused.
Urug drinks a potion.
Urug is healed!
Urug seems less confused.
You hit the orc but do no damage. You closely miss the orc.
You hit the orc but do no damage. You drain the orc!
The orc is moderately wounded.
Casting: Confuse (safe; 1% risk of failure)
Confirm with . or Enter, or press ? or * to list all spells.
Aiming: Confuse (safe; 1% risk of failure)
Press: ? - help, Shift-Dir - straight line, f - orc wizard, p - Urug
Aim: an orc wizard, wielding a +0 dagger of venom and wearing a +0 robe (chance
Okay, then.
You completely miss the orc wizard. The orc completely misses you.
The orc wizard misses you.
You hit the orc wizard but do no damage.
You barely miss the orc wizard. The orc misses you.
The orc wizard points at you and mumbles some strange words.
The magic dart hits you!
You miss the orc wizard. You block the orc's attack.
You barely miss the orc wizard.
The orc wizard begins to cast a spell, but is stunned by your will!
You hit the orc wizard but do no damage.
You drain the orc wizard!
The orc wizard is moderately wounded.
You block the orc's attack. You block the orc wizard's attack.
You hit the orc wizard but do no damage.
The orc wizard is moderately wounded.
You redirect Urug's attack!
Urug throws a javelin of returning.
The javelin of returning hits the orc wizard!
The orc wizard dies!
The weapon returns to Urug!
Urug shouts!
You hit the orc but do no damage. You drain the orc!
The orc is severely wounded.
You block the orc's attack.
You hit the orc but do no damage.
The orc is severely wounded.
You hit the orc but do no damage. You drain the orc!
You kill the orc!
You barely miss the orc.
Casting: Confuse (safe; 1% risk of failure)
Confirm with . or Enter, or press ? or * to list all spells.
Aiming: Confuse (safe; 1% risk of failure)
Press: ? - help, Shift-Dir - straight line, f/p - Urug
Aim: Urug, wielding a +2 eveningstar of flaming and wearing a +0 chain mail of Urug resists with some effort.
The orc completely misses you. Urug closely misses you.
Casting: Confuse (safe; 1% risk of failure)
Confirm with . or Enter, or press ? or * to list all spells.
Aiming: Confuse (safe; 1% risk of failure)
Press: ? - help, Shift-Dir - straight line, f/p - Urug
Aim: Urug, wielding a +2 eveningstar of flaming and wearing a +0 chain mail of Urug resists with some effort.
The orc barely misses you.
Urug hits you with a +2 eveningstar of flaming!!
Ouch! That really hurt!
* * * LOW HITPOINT WARNING * * *
Urug burns you.
You die...

.... ....# ....
#..## #.... .##
#...######## ...
#...#.#.#..#
####.##...#.oo..%#
........$.))#@#'##
..........#.#.#
........†.#.#.#
..........######
................
#######..######.
#..# ##..# #...#


You could see Urug and an orc.

Vanquished Creatures
  Erica (D:11)
  2 two-headed ogres (D:9)
  An unseen horror (D:10)
  A salamander (shapeshifter) (D:11)
  A cyclops (D:11)
  A queen bee (D:10)
  A troll (D:9)
  A hornet (D:11)
  Prince Ribbit (D:6)
  2 dancing weapons (D:7)
  6 yaks (D:11)
  2 hungry ghosts
  Edmund (D:6)
  4 porcupines (D:8)
  An ice beast (D:6)
  4 orc warriors
  2 black bears
  A necrophage (D:6)
  A sky beast (D:10)
  4 phantoms
  3 ogres
  3 centaurs
  2 crocodiles (D:8)
  Blork the orc (D:6)
  2 big kobolds
  2 gnoll sergeants
  10 bullfrogs
  A wyvern zombie (D:9)
  A scorpion (D:7)
  26 killer bees (D:10)
  3 wights (D:7)
  2 howler monkeys
  6 crimson imps
  2 hounds
  2 jellies
  8 orc priests
  2 centaur skeletons
  A bullfrog skeleton (D:7)
  Terence (D:3)
  3 iguanas
  7 worker ants
  15 orc wizards
  3 hell rats (D:6)
  A hound zombie (D:5)
  11 gnolls
  15 adders
  10 river rats
  5 shadow imps
  An ooze (Sewer)
  3 adder skeletons
  An adder zombie (D:6)
  3 worms
  A dart slug (D:1)
  4 leopard geckos
  41 orcs
  9 giant cockroaches
  7 goblins
  6 hobgoblins
  6 jackals
  6 quokkas
  10 ball pythons
  A ball python skeleton (D:4)
  12 bats
  9 frilled lizards
  15 kobolds
  A leopard gecko skeleton (D:4)
  A quokka skeleton (D:10)
  A quokka zombie (D:6)
  42 rats
366 creatures vanquished.

Vanquished Creatures (collateral kills)
  An ogre (D:4)
  A gnoll (D:2)
2 creatures vanquished.

Vanquished Creatures (others)
  A centaur (D:7)
  2 killer bees (D:10)
  An orc wizard (D:11)
  An orc (D:11)
  38 fungi (D:8)
  21 plants (D:8)
64 creatures vanquished.

Grand Total: 432 creatures vanquished

Notes
Turn   | Place    | Note
-------+----------+-------------------------------------------
     0 | D:1      | Amnesiac the Spriggan Enchanter began the quest for the
                  | Orb.
     0 | D:1      | Reached XP level 1. HP: 9/9 MP: 5/5
   767 | D:2      | Found a hide-covered altar of Uskayaw.
   767 | D:2      | Found a sacrificial altar of Ru.
   775 | D:2      | Became a worshipper of Ru the Awakened
   878 | D:2      | Reached XP level 2. HP: 12/13 MP: 4/6
   884 | D:2      | Learned a level 2 spell: Ensorcelled Hibernation
  1279 | D:1      | Reached skill level 5 in Stealth
  1338 | D:1      | Reached XP level 3. HP: 14/16 MP: 4/8
  1928 | D:2      | Learned a level 3 spell: Confuse
  2357 | D:2      | Reached XP level 4. HP: 16/21 MP: 9/9
  2362 | D:2      | Learned a level 3 spell: Tukima's Dance
  2535 | D:2      | Gained mutation: You are slightly vulnerable to magic.
                  | (MR-) [Ru sacrifice]
  2535 | D:2      | Reached * piety under Ru
  2536 | D:2      | Reached skill level 6 in Stealth
  2800 | D:2      | Found a sacrificial altar of Ru.
  2804 | D:2      | Found a hide-covered altar of Uskayaw.
  3608 | D:3      | Noticed Terence
  3673 | D:3      | Reached XP level 5. HP: 12/24 MP: 6/10
  3700 | D:3      | Gained mutation: Your flesh is cold resistant. (rC+)
                  | [potion of mutation]
  3700 | D:3      | Gained mutation: Your flesh is very cold resistant. (rC++)
                  | [potion of mutation]
  3700 | D:3      | Gained mutation: You can translocate small distances at
                  | will. [potion of mutation]
  3708 | D:3      | Reached skill level 7 in Stealth
  3850 | D:3      | Killed Terence
  3850 | D:3      | Reached skill level 8 in Stealth
  3979 | D:3      | Reached XP level 6. HP: 28/28 MP: 11/11
  4004 | D:3      | Found a shadowy altar of Dithmenos.
  4025 | D:3      | HP: 1/28 [orc/+0 hand axe (4)]
  4620 | D:4      | Found a glowing drain.
  4641 | Sewer    | Entered a sewer
  4912 | Sewer    | Reached skill level 1 in Fighting
  4920 | Sewer    | Gained mutation: You are somewhat unskilled. (-1 Apt) [Ru
                  | sacrifice]
  4920 | Sewer    | Reduced skill Stealth to level 7
  4920 | Sewer    | Reached ** piety under Ru
  4920 | Sewer    | Reached *** piety under Ru
  5162 | Sewer    | Reached skill level 1 in Fighting
  5637 | Sewer    | Reached skill level 8 in Stealth
  5637 | Sewer    | Reached XP level 7. HP: 15/33 MP: 11/13
  6715 | D:5      | Entered Level 5 of the Dungeon
  6745 | D:5      | Found a burning altar of Makhleb.
  6746 | D:5      | Found a shimmering altar of Xom.
  6950 | D:5      | Found a glowing silver altar of Zin.
  7048 | D:5      | Gained mutation: You are hated by all. [Ru sacrifice]
  7048 | D:5      | Reached **** piety under Ru
  7048 | D:5      | Reached ***** piety under Ru
  7066 | D:5      | Reached skill level 5 in Hexes
  7109 | D:5      | Reached skill level 5 in Dodging
  7109 | D:5      | Reached XP level 8. HP: 34/39 MP: 11/15
  7226 | D:5      | Found a sacrificial altar of Ru.
  7502 | D:5      | Found a staircase to the Ecumenical Temple.
  7718 | D:5      | Reached skill level 5 in Spellcasting
  7786 | D:6      | Found a sparkling altar of Nemelex Xobeh.
  7846 | D:6      | Noticed Blork the orc
  7862 | D:6      | Killed Blork the orc
  7862 | D:6      | Reached skill level 5 in Short Blades
  7910 | D:6      | Noticed Edmund
  7968 | D:6      | Killed Edmund
  8106 | D:6      | Noticed Prince Ribbit
  8166 | D:6      | Killed Prince Ribbit
  8166 | D:6      | Reached XP level 9. HP: 6/43 MP: 4/17
  8237 | D:6      | Learned a level 3 spell: Dazzling Spray
  8676 | D:6      | Found the +2 ratskin cloak {+Rats rPois rN+ Str-1 Int-1
                  | Dex+1}
  9078 | D:7      | Reached skill level 1 in Evocations
  9098 | D:7      | Gained mutation: You cannot train Armour skill. [Ru
                  | sacrifice]
  9989 | D:8      | Found Rafofuda's Armour Emporium.
  9997 | D:8      | Bought a +0 buckler for 67 gold pieces
 10185 | D:8      | Reached XP level 10. HP: 29/45 MP: 13/18
 10289 | D:8      | Reached skill level 1 in Shields
 10454 | D:8      | Reached skill level 5 in Evocations
 10739 | D:8      | Found a staircase to the Lair.
 11029 | D:9      | Noticed a two-headed ogre
 11039 | D:9      | Killed a two-headed ogre
 11157 | D:9      | Noticed a two-headed ogre
 11162 | D:9      | Killed a two-headed ogre
 11365 | D:9      | Found a basalt altar of Yredelemnul.
 11453 | D:9      | Gained mutation: You are dopey. (Int -2) [Ru sacrifice]
 11453 | D:9      | Reached ****** piety under Ru
 11578 | D:10     | Entered Level 10 of the Dungeon
 11700 | D:10     | Reached skill level 9 in Stealth
 11746 | D:10     | Noticed an unseen horror
 11772 | D:10     | Killed an unseen horror
 11772 | D:10     | Reached XP level 11. HP: 48/48 MP: 10/22
 13039 | D:11     | Noticed Erica
 13045 | D:11     | Learned a level 2 spell: Passwall
 13046 | D:11     | Reached skill level 10 in Stealth
 13046 | D:11     | Reached skill level 1 in Transmutations
 13046 | D:11     | Reached skill level 1 in Earth Magic
 13051 | D:11     | Killed Erica
 13157 | D:11     | Learned a level 4 spell: Cause Fear
 13224 | D:11     | Noticed Urug
 13274 | D:11     | Slain by Urug

Vault maps used:
D:1:      lightli_arrival_quake
D:2:      grunt_temple_overflow_open
D:3:      grunt_dithmenos_smoke_and_mirrors, chequers_serial_rivers_room_b,
          uniq_terence
D:4:      cheibrodos_sewer_entry_drain, minmay_misc_feat_ornament
D:5:      zin_academy, grunt_temple_overflow_champion_of_chaos, temple_hall,
          first_ration, basic_altar
D:6:      wander_guarded_unrand_ratskin, nemelex_altar_shiori,
          hangedman_decor_slide_cut, uniq_prince_ribbit1, uniq_blork_the_orc,
          uniq_edmund
D:8:      due_lair_maze_entry_diamond, serial_shops, shop
D:9:      lemuel_doored_altar
D:11:     grunt_pizzeria, minivault_10, water_maze_lemuel, uniq_erica, uniq_urug
Sewer:    sewer_minmay_w

Skill      XL: |  1  2  3  4  5  6  7  8  9 10 11 |
---------------+----------------------------------+-----
Spellcasting   | 3 4 5 7 |  7.5
Hexes          | 4 5 6 7 |  7.5
Stealth        | 5 6 8 8 9 10 | 10.4
Short Blades   | 2 3 4 3 4 7 8 |  8.0
Fighting       | 1 2 3 |  3.0
Dodging        | 5 7 8 |  8.0
Evocations     | 4 7 8 |  8.1
Shields        | 3 4 |  4.2
Transmutations | 2 |  2.6
Earth Magic    | 2 |  2.7

Action                   |  1- 3 |  4- 6 |  7- 9 | 10-12 || total
-------------------------+-------+-------+-------+-------++-------
Melee: Dagger            |    58 |       |    46 |   427 ||   531
       Short sword       |    51 |   300 |   378 |       ||   729
 Cast: Corona            |    13 |       |       |       ||    13
       Ensorcelled Hiber |    16 |     2 |    21 |   102 ||   141
       Confuse           |     3 |    11 |    44 |    24 ||    82
       Tukima's Dance    |       |     6 |     2 |       ||     8
       Dazzling Spray    |       |       |     1 |     5 ||     6
Invok: Sacrifice Essence |       |     1 |       |       ||     1
       Sacrifice Skill   |       |     1 |       |       ||     1
       Sacrifice Love    |       |       |     1 |       ||     1
       Sacrifice Durabil |       |       |     1 |       ||     1
       Sacrifice Purity  |       |       |       |     1 ||     1
       Apocalypse        |       |       |       |     1 ||     1
  Use: Potion            |       |     2 |       |       ||     2
       Scroll            |       |     6 |     1 |    11 ||    18
 Stab: Sleeping          |    15 |     7 |    54 |    55 ||   131
       Distracted        |     1 |       |       |     4 ||     5
       Confused          |     1 |     2 |    20 |    19 ||    42
       Invisible         |       |       |     2 |     4 ||     6
       Paralysed         |       |       |       |     2 ||     2
  Eat: Ration            |     1 |     2 |     4 |     5 ||    12
Armor: Robe              |    11 |    38 |     7 |    16 ||    72
Dodge: Dodged            |    92 |   351 |   247 |   234 ||   924
Block: Buckler           |       |       |       |    85 ||    85

Table legend:
 A = Non-vault XP
 B = Vault XP
 C = Vault XP percentage of total XP
 D = Non-vault monster count
 E = Vault monster count
 F = Vault count percentage of total count
                 A         B        C        D         E       F
            +---------+---------+-------+---------+---------+-------
      Total |   11879 |    5057 |  29.9 |     255 |     115 |  31.1
            +---------+---------+-------+---------+---------+-------
        D:1 |      41 |       0 |   0.0 |      20 |       0 |   0.0
        D:2 |     115 |       0 |   0.0 |      31 |       0 |   0.0
        D:3 |     247 |      38 |  13.3 |      32 |       1 |   3.0
        D:4 |     194 |       7 |   3.5 |      17 |       3 |  15.0
        D:5 |     821 |      50 |   5.7 |      24 |       1 |   4.0
        D:6 |     856 |     710 |  45.3 |      21 |      24 |  53.3
        D:7 |    1596 |       0 |   0.0 |      31 |       0 |   0.0
        D:8 |    1054 |    1128 |  51.7 |      28 |      10 |  26.3
        D:9 |    2658 |       0 |   0.0 |      16 |       0 |   0.0
       D:10 |    1481 |    1760 |  54.3 |      17 |      26 |  60.5
       D:11 |    2816 |    1004 |  26.3 |      18 |       2 |  10.0
      Sewer |       0 |     360 | 100.0 |       0 |      48 | 100.0
            +---------+---------+-------+---------+---------+-------
